 Dungeon Crawl Stone Soup version 0.29-a0-221-gceb61267dd (webtiles) character file.

Game seed: 17879103570591533972

175 shoop the Shooter (level 5, -4/29 HPs)
             Began as a Deep Elf Arcane Marksman on Feb 26, 2022.
             Slain by a mummy (10 damage)
             ... in an ossuary.
             The game lasted 00:06:33 (3424 turns).

shoop the Shooter (Deep Elf Arcane Marksman)        Turns: 3424, Time: 00:06:33

Health: -4/29      AC:  4    Str:  7    XL:     5   Next: 29%
Magic:  10/10      EV: 13    Int: 20    God:
Gold:   165        SH:  0    Dex: 21    Spells: 0/8 levels left

rFire   . . .      SeeInvis .   a - +0 shortbow
rCold   . . .      Faith    .   (shield currently unavailable)
rNeg    . . .      Spirit   .   b - +0 robe
rPois   .          Reflect  .   m - +0 helmet
rElec   .          Harm     .   (no cloak)
rCorr   .          Rampage  .   (no gloves)
Will    .....                   o - +0 pair of boots
Stlth   +++.......              (no amulet)
HPRegen 0.09/turn               h - +6 ring of dexterity
MPRegen 0.12/turn               (no ring)

@: no status effects
A: no striking features
a: no special abilities


You were in an ossuary.
You visited 1 branch of the dungeon, and saw 4 of its levels.
You also visited: Ossuary.

You collected 165 gold pieces.

Inventory:

Hand Weapons
 a - a +0 shortbow (weapon)
Missiles
 i - a throwing net
Armour
 b - a +0 robe (worn)
 m - a +0 helmet (worn)
 o - a +0 pair of boots (worn)
Jewellery
 h - a +6 ring of dexterity (left hand)
Scrolls
 c - 2 scrolls of enchant weapon {unknown}
 d - a scroll of blinking {unknown}
 e - a scroll of amnesia {unknown}
 f - 6 scrolls of identify {unknown}
 g - 4 scrolls of teleportation {unknown}
 l - a scroll of holy word {unknown}
 n - a scroll of immolation {unknown}
Potions
 j - a potion of berserk rage {unknown}
 k - 2 potions of brilliance {unknown}


   Skills:
 - Level 1.0 Fighting
 * Level 5.3 Bows
 - Level 3.0 Dodging
 - Level 3.0 Stealth
 - Level 2.0 Spellcasting
 + Level 4.0 Hexes
 - Level 2.0 Fire Magic


You couldn't memorise any spells.
You knew the following spells:

 Your Spells              Type           Power      Damage    Failure   Level
a - Slow                  Hex            72%        N/A       3%          1
c - Inner Flame           Hex/Fire       14%        N/A       14%         3
f - Cause Fear            Hex            9%         N/A       28%         4

Your spell library contained the following spells:

 Spells                   Type           Power      Damage    Failure   Level
 Summon Small Mammal      Summ           8%         N/A       16%         1
 Portal Projectile        Hex/Tloc       20%        N/A       21%         3
 Summon Guardian Golem    Hex/Summ       10%        N/A       21%         3
 Call Canine Familiar     Summ           2%         N/A       43%         3


Dungeon Overview and Level Annotations

Branches:
Dungeon (4/15)            Ossuary (1/1)
 Temple: D:4-7

Altars:
Gozag
Ru
Sif Muna
Trog

Annotations:
D:3 Grinder


Message History

Okay, then.
You hear the slow hiss of an avalanche of sand very nearby.
There is a sand-covered staircase here.
The world spins around you as you enter the gateway.
You enter an ossuary!
Found a gate leading back out of this place.
There is an empty arch of ancient stone here.
Casting: Slow (safe; 3% risk of failure)
Confirm with . or Enter, or press ? or * to list all spells.
Aiming: Slow (safe; 3% risk of failure)
Press: ? - help, Shift-Dir - straight line, f - mummy
Aim: a mummy (chance to affect: 58%)
You miscast Slow.
You are very lightly contaminated with residual magic.
Nothing appears to happen.
Unknown command.
You shoot an arrow. The arrow completely misses the mummy.
The mummy hits you but does no damage.
You shoot an arrow. The arrow barely misses the mummy.
The mummy hits you! The mummy closely misses you.
You shoot an arrow. The arrow hits the mummy!
The mummy is heavily damaged.
The mummy barely misses you. x2
Your magical contamination has completely faded away.
You shoot an arrow. The arrow hits the mummy.
The mummy is severely damaged.
The mummy completely misses you.
You shoot an arrow. The arrow barely misses the mummy.
The centaur zombie hits you. The centaur zombie closely misses you.
The centaur zombie hits you.
The centaur zombie kicks you but does no damage.
You shoot an arrow. The arrow hits the mummy.
The mummy is almost destroyed.
The centaur zombie closely misses you. The centaur zombie misses you.
The mummy barely misses you. The mummy closely misses you. The mummy hits you!
* * * LOW HITPOINT WARNING * * *
The centaur zombie closely misses you. The centaur zombie kicks you.
* * * LOW HITPOINT WARNING * * *
The mummy hits you!
You die...

#.....#
#..∩..#
#.....#
#..∩..#
#.....#
#.....#
#.....#
#.MM..#
##@ZM##
#####


You could see 3 mummies and a centaur zombie.

Vanquished Creatures
  A scorpion (D:3)
  2 gnolls (D:2)
  2 adders
  An ufetubus (D:3)
  A worm (D:2)
  2 dart slugs
  2 orcs (D:3)
  5 endoplasms
  6 giant cockroaches
  2 goblins
  6 hobgoblins
  3 jackals (D:2)
  5 kobolds
  5 quokkas
  7 ball pythons
  7 bats
  A frilled lizard (D:1)
  4 rats
62 creatures vanquished.

Vanquished Creatures (others)
  5 plants (D:2)
  A withered plant (D:2)
6 creatures vanquished.

Grand Total: 68 creatures vanquished

Notes
Turn   | Place    | Note
-------+----------+-------------------------------------------
     0 | D:1      | shoop the Deep Elf Arcane Marksman began the quest for the
                  | Orb.
     0 | D:1      | Reached XP level 1. HP: 11/11 MP: 5/5
    37 | D:1      | Reached skill level 1 in Stealth
   443 | D:1      | Reached XP level 2. HP: 16/16 MP: 6/6
  1098 | D:2      | Reached skill level 3 in Bows
  1173 | D:2      | Reached XP level 3. HP: 20/20 MP: 7/7
  1249 | D:2      | Reached skill level 1 in Fighting
  1616 | D:2      | Found a faded altar of an unknown god.
  2198 | D:2      | Reached skill level 4 in Bows
  2538 | D:2      | Reached XP level 4. HP: 25/25 MP: 6/8
  2645 | D:3      | Noticed Grinder
  2651 | D:3      | Learned a level 3 spell: Inner Flame
  2685 | D:3      | Found an opulent altar of Gozag.
  2689 | D:3      | Found a shimmering blue altar of Sif Muna.
  2697 | D:3      | Found a sacrificial altar of Ru.
  3110 | D:3      | Noticed a scorpion
  3215 | D:3      | Found a bloodstained altar of Trog.
  3279 | D:3      | Killed a scorpion
  3280 | D:3      | Reached skill level 5 in Bows
  3280 | D:3      | Reached XP level 5. HP: 29/29 MP: 7/10
  3285 | D:3      | Learned a level 4 spell: Cause Fear
  3391 | D:4      | Found a sand-covered staircase.
  3393 | D:4      | Noticed a centaur
  3407 | Ossuary  | Entered an ossuary
  3424 | Ossuary  | Slain by a mummy

Illustrated notes

Levels and vault maps discovered:
D:1:      lightli_arrival_farm, layout_basic, hangedman_abyss_or_decor_stabs,
          minivault_4
D:2:      minmay_recursive_quarters, layout_basic,
          ebering_ecumenical_altar_petrified, serial_bayou_pond_e,
          serial_bayou_crossing
D:3:      layout_rooms, gammafunk_temple_overflow_forgotten,
          nicolae_ru_sacrificial_ziggurat, uniq_grinder
D:4:      layout_cave_pods, minmay_temple_entry_purple_smoke,
          nicolae_ossuary_entry_ruins, uniq_robin
Ossuary:  ossuary_the_hunt_dpeg

Skill      XL: |  1  2  3  4 |
---------------+-------------+-----
Stealth        | 2 3 |  3.0
Bows           | 3 4 5 |  5.3
Fighting       | 1 |  1.0
Dodging        | 3 |  3.0
Spellcasting   | 2 |  2.0
Fire Magic     | 2 |  2.0
Hexes          | |  4.0

Action                   |  1- 3 |  4- 6 || total
-------------------------+-------+-------++-------
 Fire: Shortbow          |   124 |    44 ||   168
 Cast: Slow              |    14 |     5 ||    19
Armor: Robe              |     8 |     2 ||    10
Dodge: Dodged            |    37 |    10 ||    47

Table legend: (Time is in decaauts)
 A = Elapsed time spent in this place.
 B = Non-inter-level travel time spent in this place.
 C = Inter-level travel time spent in this place.
 D = Time resting spent in this place.
 E = Time spent auto-exploring this place.
 F = Levels seen in this place.
 G = Mean time per level.
                   A        B        C        D        E       F      G
               +--------+--------+--------+--------+--------+-----+--------+
         Total |   3505 |   3206 |    299 |    137 |   2484 |   5 |  701.0 |
       Dungeon |   3487 |   3188 |    299 |    137 |   2484 |   4 |  871.8 |
       Ossuary |     18 |     18 |      0 |      0 |      0 |   1 |   18.0 |
               +--------+--------+--------+--------+--------+-----+--------+

Top non-repeatable levels by time:
     D:2: 1349 daAuts
     D:1: 1330 daAuts
     D:3: 747 daAuts
     D:4: 60 daAuts
 Ossuary: 18 daAuts
